Map: Frozen Temple

Players

HuK - Winner!

  • Race: Protoss Protoss
  • League: Grandmaster

Pokebunny

  • Race: Terran Terran
  • League: Grandmaster

VOD

Have the link to the VOD?

Description

Time

  • Played on: April 4, 2016, 10:10 p.m.
  • Length: 5:03
Show
View Real Time Build Order
Export as new Build Order

HuK Protoss - Winner!

Build Orders: 1 Gate Expand, Dark Templar Rush 

Get SALT Encoding   

  12  0:01  Probe (Chrono Boost)  
  13  0:11  Probe (Chrono Boost)  
  14  0:18  Pylon  
  14  0:22  Probe (Chrono Boost)  
  15  0:36  Gateway, Probe (Chrono Boost)  
  15  0:41  Assimilator  
  16  0:46  Probe (Chrono Boost)  
  18  0:57  Probe (Chrono Boost)  
  18  1:07  Probe (Chrono Boost)  
  19  1:18  Probe (Chrono Boost)  
  20  1:23  Cybernetics Core  
  20  1:28  Probe (Chrono Boost)  
  21  1:36  Nexus  
  21  1:40  Probe (Chrono Boost)  
  21  1:43  Pylon  
  22  1:51  Assimilator  
  22  1:53  Probe (Chrono Boost)  
  23  2:03  Adept (Chrono Boost), Warp Gate  
  23  2:04  Probe  
  26  2:17  Probe  
  27  2:27  Adept (Chrono Boost)  
  27  2:29  Probe  
  30  2:41  Twilight Council, Probe  
  31  2:46  Probe  
  32  2:53  Probe  
  32  2:55  Pylon  
  32  2:57  Probe  
  33  3:05  Probe  
  35  3:08  Probe  
  36  3:17  Probe  
  36  3:18  Probe  
  35  3:20  Gateway  
  35  3:22  Resonating Glaives (Chrono Boost)  
  35  3:24  Dark Shrine  
  36  3:29  Probe x2  
  38  3:39  Probe  
  39  3:43  Gateway  
  39  3:50  Probe  
  39  3:51  Probe  
  41  3:55  Assimilator  
  41  3:58  Gateway  
  41  3:59  Assimilator  
  41  4:00  Gateway  
  41  4:03  Probe  
  41  4:06  Pylon  
  41  4:07  Probe  
  43  4:11  Pylon  
  43  4:16  Probe  
  44  4:21  Probe  
  43  4:25  Forge  
  43  4:28  Mothership Core  
  43  4:29  Pylon  
  43  4:30  Adept x2  
  49  4:32  Probe  
  50  4:41  Dark Templar  
  52  4:51  Dark Templar x2  
  56  4:55  Adept x2  
  56  5:02  Photon Cannon  
Show
View Real Time Build Order
Export as new Build Order

Pokebunny Terran 

Build Orders: Reaper Expand 

Get SALT Encoding   

  12  0:01  SCV  
  13  0:13  SCV  
  14  0:18  Supply Depot  
  14  0:25  SCV  
  15  0:39  Barracks, SCV  
  16  0:44  Refinery  
  16  0:51  SCV  
  17  1:03  SCV  
  18  1:15  SCV  
  19  1:26  Reaper  
  19  1:27  Orbital Command  
  20  1:40  Command Center  
  20  1:48  Supply Depot  
  20  1:53  SCV  
  21  1:59  Barracks Reactor  
  21  2:05  SCV  
  21  2:08  Barracks  
  22  2:15  Barracks  
  22  2:20  SCV  
  23  2:37  Refinery, Marine x2  
  23  2:46  SCV  
  24  2:54  Factory  
  24  2:57  Barracks Tech Lab  
  24  2:58  Marine x2, SCV  
  25  3:15  SCV x2  
  26  3:22  Marine x2  
  28  3:37  Orbital Command  
  28  3:47  Starport  
  28  3:49  Factory Reactor  
  28  3:53  SCV  
  29  3:59  Marine x2  
  29  4:01  Marine  
  32  4:08  Marine  
  33  4:17  Marine x2  
  33  4:19  Marine  
  36  4:25  SCV x2  
  36  4:30  Supply Depot  
  38  4:33  Medivac  
  42  4:43  SCV x2  
  43  5:02  Bunker  
Tags
 
Add a new tag
Caveats
  • Supply blocks, unpowered buildings, or Contaminate may cause inaccurate times.
  • Supply counts are checked every 10 seconds.